 Dungeon Crawl Stone Soup version 0.28-a0-1613-gdaab1c2f9b (webtiles) character file.

Game seed: 800759004484607853

415 IdlyInterested the Cudgeller (level 6, -14/48 HPs)
             Began as a Demonspawn Monk on Jan 21, 2022.
             Demolished by an ogre (23 damage)
             ... on level 4 of the Dungeon.
             The game lasted 00:10:08 (4664 turns).

IdlyInterested the Cudgeller (Demonspawn Monk)      Turns: 4664, Time: 00:10:08

Health: -14/48     AC:  9    Str: 13    XL:     6   Next: 60%
Magic:  6/6        EV: 10    Int:  9    God:
Gold:   142        SH:  0    Dex: 16    Spells: 5/5 levels left

rFire   . . .      SeeInvis .   a - +0 mace (freeze)
rCold   . . .      Faith    .   (no shield)
rNeg    . . .      Spirit   .   k - +0 scale mail
rPois   .          Reflect  .   (helmet restricted)
rElec   .          Harm     .   (no cloak)
rCorr   .          Rampage  .   (no gloves)
Will    .....                   d - +0 pair of boots
Stlth   +.........              (no amulet)
HPRegen 0.16/turn               (no ring)
MPRegen 0.10/turn               (no ring)

@: no status effects
A: antennae 1, sharp scales 2, dopey 1, noise suppression
a: no special abilities


You were on level 4 of the Dungeon.
You visited 1 branch of the dungeon, and saw 4 of its levels.

You collected 142 gold pieces.

Inventory:

Hand Weapons
 a - a +0 mace of freezing (weapon)
 o - a +0 flail
 r - a +0 flail
 u - a +0 mace
Missiles
 c - 15 poisoned darts (quivered)
 e - 169 stones
 g - 6 atropa-tipped darts
 y - a throwing net
Armour
 d - a +0 pair of boots (worn)
 k - a +0 scale mail (worn)
 n - a +0 leather armour
Magical Staves
 h - a staff of fire
Scrolls
 b - 2 scrolls of blinking {unknown}
 f - 2 scrolls of immolation
 i - a scroll of enchant armour {unknown}
 j - a scroll of magic mapping {unknown}
 p - a scroll of fear {unknown}
 q - a scroll of vulnerability {unknown}
Potions
 l - a potion of cancellation {unknown}
 m - a potion of magic
 x - a potion of haste


   Skills:
 + Level 3.7 Fighting
 * Level 5.3 Maces & Flails
 - Level 1.0 Throwing
 + Level 1.7 Armour
 * Level 3.7 Dodging
 - Level 1.7 Stealth
 * Level 0.6 Shields


You had 5 spell levels left.
You didn't know any spells.
Your spell library contained the following spells:

 Spells                   Type           Power      Damage    Failure   Level
 Animate Skeleton         Necr           0%         N/A       88%         1
 Apportation              Tloc           0%         N/A       88%         1
 Summon Small Mammal      Summ           0%         N/A       88%         1
 Ensorcelled Hibernation  Hex/Ice        0%         N/A       96%         2
 Spider Form              Tmut/Pois      0%         N/A       99%         3
 Anguish                  Hex/Necr       0%         N/A       100%        4
 Leda's Liquefaction      Hex/Erth       0%         N/A       100%        4
 Fireball                 Conj/Fire      0%         3d3       100%        5
 Lee's Rapid Deconstruct  Erth           0%         3d5*      100%        5
 Starburst                Conj/Fire      0%         6d3       100%        6
 Statue Form              Tmut/Erth      0%         N/A       100%        6
 Ignition                 Fire           0%         3d3       100%        8


Dungeon Overview and Level Annotations

Branches:
Dungeon (4/15)
 Temple: D:4-7

Altars:
Wu Jian


Innate Abilities, Weirdness & Mutations

You have a pair of small antennae on your head.
You are mostly covered in razor-sharp scales. (AC +2, Slay +2)
You are dopey. (Int -2)
You passively dampen the noise of your surroundings.


Message History

You now have 134 gold pieces (gained 10).
Found a hand axe.
p - a scroll labelled YGRY XIXTO
Found an escape hatch in the ceiling.
q - a scroll labelled BOCUEGYDAWE
Found a stone staircase leading up.
There is a stone staircase leading up here.
Found a flail.
You see here a +0 flail.
r - a +0 flail
Found a stone staircase leading down.
Found a potion of mutation.
You see here a potion of mutation.
s - a potion of mutation
Found a dagger.
You now have 142 gold pieces (gained 8).
Really quaff the potion of mutation?
You feel extremely strange.
You feel a little more calm.
You feel stupid.
You feel your surroundings grow quieter.
An ogre comes into view. It is wielding a +0 giant spiked club.
The ogre shouts!
Throw: 17 darts (poison)
Press: ? - help, Q - select action, (/) - cycle Shift-Dir - straight line, f - ogre
Aim: an ogre, wielding a +0 giant spiked club (77% to hit)
You throw a poisoned dart. The poisoned dart hits the ogre.
The ogre is poisoned.
You hit the ogre but do no damage.
The ogre hits you with a +0 giant spiked club!!
You thump the ogre! You freeze the ogre.
The ogre is moderately wounded.
The ogre hits you with a +0 giant spiked club!!
* * * LOW HITPOINT WARNING * * *
Throw: 16 darts (poison)
Press: ? - help, Q - select action, (/) - cycle Shift-Dir - straight line, f/p - ogre
Aim: an ogre, wielding a +0 giant spiked club (heavily wounded, poisoned, 77% to hit)
You throw a poisoned dart. The poisoned dart hits the ogre.
The ogre is heavily wounded.
The ogre hits you with a +0 giant spiked club!!
You die...

##.#...#####
########
###..P#
##.P.# #..P.#
#..### #..#
#..#
#..#########.
######
#..@O........
......
#.####.....##
..#... #.#
(....# ......
#. .#.....
...#.. ##
....... # #..
#. .#.. #..
.. # . ### ##
# #


You could see an ogre (poisoned).

Vanquished Creatures
  A black bear (D:4)
  2 hounds (D:3)
  An orc priest (D:4)
  Terence (D:3)
  A hound skeleton (D:4)
  Robin (D:2)
  4 adders
  3 gnolls (D:3)
  A shadow imp (D:3)
  2 worms
  2 dart slugs (D:1)
  3 orcs
  7 endoplasms
  5 giant cockroaches
  16 goblins
  14 hobgoblins
  4 jackals (D:3)
  5 quokkas
  4 ball pythons
  5 bats
  5 frilled lizards
  5 kobolds
  4 rats
96 creatures vanquished.

Notes
Turn   | Place    | Note
-------+----------+-------------------------------------------
     0 | D:1      | IdlyInterested the Demonspawn Monk began the quest for the
                  | Orb.
     0 | D:1      | Reached XP level 1. HP: 18/18 MP: 1/1
   479 | D:1      | Gained mutation: You have a pair of small antennae on your
                  | head. [demonic ancestry]
   479 | D:1      | Reached XP level 2. HP: 24/24 MP: 2/2
   487 | D:1      | Found a faded altar of an unknown god.
   505 | D:1      | Reached skill level 3 in Maces & Flails
  1583 | D:2      | Gained mutation: You are partially covered in razor-sharp
                  | scales. (AC +1, Slay +1) [demonic ancestry]
  1583 | D:2      | Reached XP level 3. HP: 23/29 MP: 3/3
  1653 | D:2      | Noticed Robin
  1657 | D:2      | Gained mutation: Your mind is acute. (Int +2) [potion of
                  | mutation]
  1657 | D:2      | Gained mutation: You tend to lose your temper in combat.
                  | [potion of mutation]
  1657 | D:2      | Lost mutation: Your mind is acute. (Int +2) [potion of
                  | mutation]
  1670 | D:2      | Killed Robin
  2247 | D:2      | Gained mutation: You are mostly covered in razor-sharp
                  | scales. (AC +2, Slay +2) [demonic ancestry]
  2247 | D:2      | Reached XP level 4. HP: 30/35 MP: 4/4
  2447 | D:2      | Found an ornate altar of the Wu Jian Council.
  2783 | D:3      | Reached skill level 1 in Armour
  2978 | D:3      | Reached skill level 4 in Maces & Flails
  3092 | D:3      | Reached XP level 5. HP: 41/41 MP: 5/5
  3151 | D:3      | Noticed Terence
  3165 | D:3      | Killed Terence
  3456 | D:3      | Reached skill level 1 in Throwing
  3796 | D:3      | Reached XP level 6. HP: 39/47 MP: 6/6
  4276 | D:4      | Reached skill level 5 in Maces & Flails
  4613 | D:4      | Lost mutation: You tend to lose your temper in combat.
                  | [potion of mutation]
  4613 | D:4      | Gained mutation: You are dopey. (Int -2) [potion of
                  | mutation]
  4613 | D:4      | Gained mutation: You passively dampen the noise of your
                  | surroundings. [potion of mutation]
  4664 | D:4      | Demolished by an ogre

Illustrated notes

Levels and vault maps discovered:
D:1:      lightli_molten_gateway, layout_basic,
          hellmonk_ecumenical_altar_blasted
D:2:      layout_loops_corners, basic_altar, st_stairs_7, uniq_robin
D:3:      kennysheep_six_static_rooms, layout_loops_ring, uniq_terence
D:4:      layout_cave_pools, sigmund_edmund_badplayer

Skill      XL: |  1  2  3  4  5  6 |
---------------+-------------------+-----
Maces & Flails | 3 4 5 |  5.3
Dodging        | 3 |  3.7
Armour         | 1 |  1.7
Throwing       | 1 |  1.0
Fighting       | |  3.7
Stealth        | |  1.7
Shields        | |  0.6

Action                   |  1- 3 |  4- 6 || total
-------------------------+-------+-------++-------
Melee: Mace              |   111 |   185 ||   296
       Punch             |       |     1 ||     1
Throw: Stone             |    17 |       ||    17
       Dart              |       |     2 ||     2
  Use: Scroll            |     1 |     5 ||     6
       Potion            |     1 |     3 ||     4
 Stab: Sleeping          |     3 |       ||     3
Armor: Robe              |    18 |       ||    18
       Scale mail        |    29 |   111 ||   140
Dodge: Dodged            |    65 |   126 ||   191

Table legend: (Time is in decaauts)
 A = Elapsed time spent in this place.
 B = Non-inter-level travel time spent in this place.
 C = Inter-level travel time spent in this place.
 D = Time resting spent in this place.
 E = Time spent auto-exploring this place.
 F = Levels seen in this place.
 G = Mean time per level.
                   A        B        C        D        E       F      G
               +--------+--------+--------+--------+--------+-----+--------+
         Total |   4734 |   4518 |    216 |   1621 |   1943 |   4 | 1183.5 |
       Dungeon |   4734 |   4518 |    216 |   1621 |   1943 |   4 | 1183.5 |
               +--------+--------+--------+--------+--------+-----+--------+

Top non-repeatable levels by time:
     D:2: 1637 daAuts
     D:3: 1368 daAuts
     D:1: 1169 daAuts
     D:4: 559 daAuts
